[Event "Titled Tuesday Blitz August 22 Late 2023"]
[White "Bullen, Alex"]
[Black "Van Foreest, Machteld"]
[WhiteFideId "1801627"]
[BlackFideId "1051563"]
[WhiteElo "2332"]
[BlackElo "2512"]
[Result "1-0"]
[Round "2"]
[TimeControl "180+1"]
[Date "2023.08.22"]
[WhiteClock "0:00:08"]
[BlackClock "0:01:17"]
[Board "164"]

1. d4 Nf6 2. Nf3 e6 3. Bf4 d5 4. e3 Bd6 5. Bg3 O-O 6. Bd3 c5 7. c3 Nc6 8. Nbd2 b6 9. e4 dxe4 10. Nxe4 Nxe4 11. Bxe4 Bb7 12. dxc5 Bxc5 13. Qa4 Rc8 14. Rd1 Qf6 15. Bh4 Qh6 16. Bg5 Qh5 17. g4 Qh3 18. Ng1 Qxg4 19. Bxh7+ Kxh7 20. Qxg4 Ne5 21. Qh5+ Kg8 22. f3 Bxg1 23. Rxg1 f6 24. Bh6 Nxf3+ 25. Kf2 Nxg1 26. Rxg1 Rf7 27. Qxf7+ Kxf7 28. Rxg7+ Ke8 29. Rxb7 Rc5 30. Rxa7 Rh5 31. Bf4 e5 32. Bg3 Rf5+ 33. Ke2 e4 34. Rb7 Rb5 35. b4 f5 36. a4 Rd5 37. Rxb6 Rd3 38. Rf6 Rxc3 39. Rxf5 Rc4 40. Re5+ Kd7 41. Rb5 Kc6 42. Rc5+ Rxc5 43. bxc5 Kxc5 44. Ke3 Kb4 45. Kxe4 Kxa4 46. h4 Kb5 47. h5 Kc6 48. h6 Kd7 49. h7 Ke8 50. h8=Q+ 1-0


[Site "https://www.chess.com"]

[Event "Titled Tuesday Blitz August 22 Late 2023"]
[White "szachmistrz2500"]
[Black "Topalov, Aleksandar"]
[BlackFideId "925659"]
[WhiteElo "2511"]
[BlackElo "2331"]
[Result "1-0"]
[Round "2"]
[TimeControl "180+1"]
[Date "2023.08.22"]
[WhiteClock "0:01:30"]
[BlackClock "0:00:23"]
[Board "165"]

1. Nf3 e6 2. g3 f5 3. Bg2 Nf6 4. O-O Be7 5. d3 O-O 6. Nbd2 d5 7. c4 c6 8. e4 fxe4 9. dxe4 Nbd7 10. Qe2 Nb6 11. b3 d4 12. e5 Ne8 13. Ne4 c5 14. Ne1 Bd7 15. f4 Bc6 16. Nd3 Nd7 17. Bd2 a5 18. a4 Rc8 19. Rae1 b6 20. g4 g6 21. g5 Ng7 22. Nf6+ Bxf6 23. gxf6 Nf5 24. Bxc6 Rxc6 25. Rf2 Kh8 26. Rg2 Rf7 27. Qg4 Nf8 28. h4 Qa8 29. h5 Rcc7 30. Rh2 Rcd7 31. hxg6 1-0


[Site "https://www.chess.com"]

[Event "Titled Tuesday Blitz August 22 Late 2023"]
[White "kiwibobo"]
[Black "Ozkan, Taha"]
[BlackFideId "34577173"]
[WhiteElo "2324"]
[BlackElo "2510"]
[Result "0-1"]
[Round "2"]
[TimeControl "180+1"]
[Date "2023.08.22"]
[WhiteClock "0:00:43"]
[BlackClock "0:01:53"]
[Board "166"]

1. e4 e6 2. d4 d5 3. Nd2 c5 4. Ngf3 cxd4 5. Nxd4 Nc6 6. Bb5 Bd7 7. Nxc6 bxc6 8. Bd3 Bd6 9. Qe2 Qc7 10. Nf3 e5 11. exd5 cxd5 12. c4 dxc4 13. Bxc4 Ne7 14. O-O O-O 15. h3 Rfc8 16. b3 h6 17. Bb2 Ng6 18. Rac1 Qb7 19. Ba6 Nf4 20. Rxc8+ Bxc8 21. Bxb7 Nxe2+ 22. Kh1 Bxb7 23. Nxe5 Nf4 24. f3 Bxe5 25. Bxe5 Ne6 26. Rd1 Rd8 27. Rxd8+ Nxd8 28. Kg1 f6 29. Bd4 a6 30. Bb6 Ne6 31. Kf2 Kf7 32. Ke3 Ke7 33. Ba5 Kd6 34. Bb4+ Kd5 35. Bc3 Bc6 36. Bb2 Bb5 37. Bc3 Bf1 38. Kf2 Bd3 39. Ke3 Bb1 40. a3 Ba2 41. b4 Bb3 42. Bb2 f5 43. Kd2 g6 44. Ke3 h5 45. g4 hxg4 46. hxg4 fxg4 47. fxg4 Bd1 48. Kd3 Bxg4 49. a4 Bd1 50. b5 Bxa4 51. bxa6 Bb5+ 52. Ke3 Bxa6 53. Kf3 Bd3 54. Kg4 Ke4 55. Bf6 Be2+ 56. Kg3 Kf5 57. Be7 Bc4 58. Kg2 g5 59. Bxg5 Kxg5 60. Kf2 Kf4 61. Ke1 Ke3 62. Kd1 Kd3 63. Kc1 Nd4 64. Kb2 Nc2 65. Kc1 Kc3 66. Kd1 Bd3 67. Kc1 Be2 68. Kb1 Bc4 69. Kc1 Ba2 70. Kd1 Nd4 71. Ke1 Kd3 72. Kf2 Ne2 73. Kf3 Be6 74. Kf2 Bg4 75. Ke1 Nc3 76. Kf2 Ne4+ 77. Ke1 Kc2 78. Kf1 Kd2 79. Kg2 Ke2 80. Kg1 Bh3 81. Kh2 Bf1 82. Kg1 Ke1 83. Kh2 Kf2 84. Kh1 Nd2 85. Kh2 Nf3+ 86. Kh1 Bg2# 0-1


[Site "https://www.chess.com"]

[Event "Titled Tuesday Blitz August 22 Late 2023"]
[White "Lopez Del Alamo, Antonio"]
[Black "Miszler, Levente"]
[WhiteFideId "2227339"]
[BlackFideId "763276"]
[WhiteElo "2324"]
[BlackElo "2507"]
[Result "1-0"]
[Round "2"]
[TimeControl "180+1"]
[Date "2023.08.22"]
[WhiteClock "0:00:13"]
[BlackClock "0:00:03"]
[Board "167"]

1. e4 c5 2. Nf3 d6 3. d4 cxd4 4. Nxd4 Nf6 5. Nc3 a6 6. Be2 e5 7. Nb3 Be6 8. Be3 Be7 9. Nd5 Nbd7 10. Qd3 O-O 11. c4 Ne8 12. O-O f5 13. exf5 Bxf5 14. Qd2 Nc7 15. Na5 Nxd5 16. Qxd5+ Kh8 17. Nxb7 Qc7 18. Na5 Nf6 19. Qd2 Ng4 20. Bxg4 Bxg4 21. Rac1 Rab8 22. b4 Qd7 23. f3 Be6 24. a3 Qa4 25. Rfd1 Qxa3 26. Nc6 Rb7 27. Nxe7 Rxe7 28. Qc3 Qxc3 29. Rxc3 Rd8 30. c5 d5 31. Bg5 Red7 32. Bxd8 Rxd8 33. c6 d4 34. Rc5 Rd6 35. Rxe5 Rxc6 36. Rxd4 h6 37. Kf2 Kh7 38. Rc5 Rb6 39. Rc7 Bf5 40. Kg3 Rg6+ 41. Kf2 Bb1 42. Rdd7 Ba2 43. Re7 Bd5 44. g4 Be6 45. Kg3 h5 46. h3 hxg4 47. hxg4 Bd5 48. f4 Be6 49. g5 Bf5 50. Rf7 Bd3 51. Kg4 Be2+ 52. Kg3 Bd3 53. Kh4 Be4 54. f5 Rd6 55. Rxg7+ Kh8 56. f6 Rd4 57. Rc8+ 1-0


[Site "https://www.chess.com"]

[Event "Titled Tuesday Blitz August 22 Late 2023"]
[White "Ardila, Oscar Humberto"]
[Black "Kovalevsky, Stanislav"]
[WhiteFideId "4404742"]
[BlackFideId "13508598"]
[WhiteElo "2316"]
[BlackElo "2507"]
[Result "1-0"]
[Round "2"]
[TimeControl "180+1"]
[Date "2023.08.22"]
[WhiteClock "0:00:38"]
[BlackClock "0:00:27"]
[Board "168"]

1. d4 d5 2. c4 c6 3. e3 Nf6 4. Nf3 Bf5 5. Nc3 e6 6. Bd3 Bxd3 7. Qxd3 Na6 8. cxd5 Nb4 9. Qe2 Nbxd5 10. O-O Be7 11. e4 Nb6 12. Rd1 O-O 13. Bg5 h6 14. Bh4 Re8 15. Rac1 Nh5 16. Bxe7 Qxe7 17. Ne5 g6 18. Qe3 Kh7 19. f4 Rad8 20. h3 Ng7 21. Ng4 h5 22. Ne5 f6 23. Nf3 c5 24. Kh1 cxd4 25. Rxd4 Rxd4 26. Qxd4 Rd8 27. Qe3 Nc4 28. Qe2 Qb4 29. b3 Nd6 30. e5 fxe5 31. Qxe5 Ndf5 32. Ng5+ Kg8 33. Qf6 Qxf4 34. Qxd8+ Ne8 35. Qxe8+ Kg7 36. Nxe6+ 1-0


[Site "https://www.chess.com"]

[Event "Titled Tuesday Blitz August 22 Late 2023"]
[White "Filgueiras, Nathan Felipe"]
[Black "Sala, Giulia"]
[WhiteFideId "2188562"]
[BlackFideId "2840451"]
[WhiteElo "2505"]
[BlackElo "2309"]
[Result "0-1"]
[Round "2"]
[TimeControl "180+1"]
[Date "2023.08.22"]
[WhiteClock "0:02:25"]
[BlackClock "0:02:16"]
[Board "169"]

1. e4 c5 2. Nf3 Nc6 3. d4 cxd4 4. Nxd4 g6 5. c4 Nf6 6. Nc3 d6 7. Be2 Nxd4 8. Qxd4 Bg7 9. Be3 O-O 10. Qd2 Be6 11. f3 Qa5 12. Rc1 Rfc8 13. b3 a6 14. Na4 Qxd2+ 15. Kxd2 Nd7 16. Nb6 Nxb6 17. Bxb6 Rc6 18. c5 Bh6+ 19. Kd3 Bxc1 20. Rxc1 dxc5 21. Rxc5 Rxb6 0-1


[Site "https://www.chess.com"]

[Event "Titled Tuesday Blitz August 22 Late 2023"]
[White "Alfaro, William"]
[Black "Vafin, Ayrat"]
[WhiteFideId "6100457"]
[BlackFideId "4146530"]
[WhiteElo "2308"]
[BlackElo "2504"]
[Result "0-1"]
[Round "2"]
[TimeControl "180+1"]
[Date "2023.08.22"]
[WhiteClock "0:00:00"]
[BlackClock "0:01:42"]
[Board "170"]

1. e4 e5 2. Nf3 Nf6 3. Nxe5 d6 4. Nf3 Nxe4 5. Nc3 Nxc3 6. dxc3 Be7 7. Bc4 Nc6 8. O-O O-O 9. h3 Bf5 10. Nd4 Nxd4 11. cxd4 d5 12. Bd3 Bxd3 13. Qxd3 Bf6 14. Bf4 Re8 15. Rfe1 Qd7 16. c3 c6 17. Re3 Rxe3 18. Qxe3 Re8 19. Qd2 Qf5 20. Re1 Rxe1+ 21. Qxe1 h5 22. Qe8+ Kh7 23. Be5 Bh4 24. g3 Bg5 25. f4 Bh6 26. Kg2 h4 27. g4 Qc2+ 28. Kf3 Qe4+ 0-1


[Site "https://www.chess.com"]

[Event "Titled Tuesday Blitz August 22 Late 2023"]
[White "Swicarz, Maciej"]
[Black "Gerbelli Neto, Eduardo"]
[WhiteFideId "1113585"]
[BlackFideId "2103281"]
[WhiteElo "2503"]
[BlackElo "2302"]
[Result "1-0"]
[Round "2"]
[TimeControl "180+1"]
[Date "2023.08.22"]
[WhiteClock "0:00:16"]
[BlackClock "0:00:05"]
[Board "171"]

1. e4 e5 2. Nf3 Nc6 3. c3 Nf6 4. d4 Nxe4 5. d5 Ne7 6. Nxe5 Ng6 7. Qd4 Qe7 8. Qxe4 Qxe5 9. Nd2 Be7 10. Be2 Qxe4 11. Nxe4 O-O 12. d6 cxd6 13. O-O d5 14. Ng3 d6 15. f4 f5 16. Bf3 Be6 17. Re1 Kf7 18. Be3 Bf6 19. a3 Ne7 20. Rad1 g6 21. Ne2 a6 22. Bd4 Rfe8 23. Bxf6 Kxf6 24. Nd4 Bf7 25. Nb3 Rac8 26. Re2 Nc6 27. Red2 d4 28. Nxd4 Na5 29. Nc2 Nc4 30. Rxd6+ Nxd6 31. Rxd6+ Re6 32. Rd7 b6 33. Kf2 Rce8 34. Nd4 R8e7 35. Rd8 Re1 36. Rd6+ Kg7 37. Rxb6 Rb1 38. Nc6 Ree1 39. Ne5 Be8 40. c4 Rf1+ 41. Kg3 Rfc1 42. b4 Rb3 43. c5 Rxa3 44. Rb8 Bb5 45. Rb7+ Kg8 46. Kh4 Kf8 47. Kg5 Rb3 48. Kf6 Rxb4 49. Rb8+ Be8 50. Nd7+ Kg8 51. Rxe8# 1-0


[Site "https://www.chess.com"]

[Event "Titled Tuesday Blitz August 22 Late 2023"]
[White "Vaglio Munoz, Jaime"]
[Black "only_strong_moves"]
[WhiteFideId "6500145"]
[WhiteElo "2298"]
[BlackElo "2503"]
[Result "0-1"]
[Round "2"]
[TimeControl "180+1"]
[Date "2023.08.22"]
[WhiteClock "0:00:07"]
[BlackClock "0:00:04"]
[Board "172"]

1. e4 e6 2. b3 d5 3. Bb2 Nc6 4. e5 d4 5. f4 Nce7 6. Nf3 c5 7. a4 Nd5 8. g3 Bd7 9. Na3 Bc6 10. Nc4 h5 11. Bg2 h4 12. Nxh4 Rxh4 13. gxh4 Qxh4+ 14. Kf1 Qxf4+ 15. Kg1 Qg5 16. h4 Qg6 17. Kh2 O-O-O 18. Na5 Ne3 19. Qe2 Qxg2+ 20. Qxg2 Bxg2 21. Rhg1 Nxc2 22. Rxg2 Nxa1 23. Bxa1 Ne7 24. Nc4 Nf5 25. Kh3 g6 26. Bb2 Be7 27. Rg4 Rh8 28. b4 b6 29. a5 Kc7 30. axb6+ axb6 31. bxc5 bxc5 32. d3 Nxh4 33. Bc1 Nf5+ 34. Kg2 Ra8 35. Kf3 Ra1 36. Bf4 Rf1+ 37. Ke2 Rh1 38. Rg2 Nh4 39. Rf2 Nf5 40. Rg2 Rh4 41. Bd2 Rh8 42. Rg1 Ra8 43. Rb1 Ra2 44. Ke1 Bh4+ 45. Kd1 Bg3 46. Ba5+ Kc6 47. Rb6+ Kd5 48. Bd2 Ra1+ 49. Kc2 Ra2+ 50. Kb3 Ra7 51. Rb8 Bxe5 52. Rd8+ Bd6 53. Bf4 Ra6 54. Kc2 g5 55. Bh2 g4 56. Bf4 g3 57. Rg8 g2 58. Bxd6 Nxd6 59. Nd2 Ra2+ 60. Kd1 g1=Q+ 61. Ke2 Qxg8 62. Kf3 Rxd2 63. Kf4 e5+ 64. Kf3 Rxd3+ 65. Ke2 Qg2+ 66. Kxd3 c4# 0-1


[Site "https://www.chess.com"]

[Event "Titled Tuesday Blitz August 22 Late 2023"]
[White "Hoffmann, Asa"]
[Black "Glavina, Pablo"]
[WhiteFideId "2001470"]
[BlackFideId "100234"]
[WhiteElo "2296"]
[BlackElo "2501"]
[Result "0-1"]
[Round "2"]
[TimeControl "180+1"]
[Date "2023.08.22"]
[WhiteClock "0:01:27"]
[BlackClock "0:01:34"]
[Board "173"]

1. d4 Nf6 2. Bg5 c5 3. d5 d6 4. Nc3 g6 5. e4 Bg7 6. f3 O-O 7. Qd2 e6 8. dxe6 Bxe6 9. O-O-O Nc6 10. Bh6 Qa5 11. a3 Rab8 12. h4 b5 13. h5 b4 14. axb4 Qa1+ 15. Nb1 Ba2 16. Qg5 Qxb1+ 17. Kd2 Qxb2 18. Bxg7 Kxg7 19. hxg6 fxg6 20. Qh6+ Kg8 21. Nh3 Nxb4 22. Bd3 Nxd3 23. Kxd3 Bc4+ 24. Ke3 Qc3+ 25. Rd3 Bxd3 26. cxd3 Ng4+ 27. fxg4 Qd4+ 0-1


[Site "https://www.chess.com"]

[Event "Titled Tuesday Blitz August 22 Late 2023"]
[White "Bilan, Danila"]
[Black "Fominykh, Maria"]
[WhiteFideId "24161918"]
[BlackFideId "4142411"]
[WhiteElo "2500"]
[BlackElo "2296"]
[Result "0-1"]
[Round "2"]
[TimeControl "180+1"]
[Date "2023.08.22"]
[WhiteClock "0:00:07"]
[BlackClock "0:00:09"]
[Board "174"]

1. d4 Nf6 2. Nf3 g6 3. Bg5 Bg7 4. c3 d6 5. Nbd2 Nbd7 6. e4 h6 7. Bh4 e5 8. Bc4 O-O 9. O-O a6 10. a4 b6 11. Qc2 Bb7 12. Rfe1 Qe8 13. Rad1 Nh5 14. Bd5 c6 15. Ba2 b5 16. Nb3 Rc8 17. Na5 Ba8 18. dxe5 dxe5 19. Rd6 Kh7 20. Red1 Ndf6 21. axb5 cxb5 22. Bd5 Nxd5 23. exd5 e4 24. Re1 exf3 25. Rxe8 Rfxe8 26. gxf3 Re1+ 27. Kg2 Nf4+ 28. Kg3 Be5 29. Kg4 f5+ 30. Qxf5 gxf5+ 31. Kxf5 Bxd6 0-1


[Site "https://www.chess.com"]

[Event "Titled Tuesday Blitz August 22 Late 2023"]
[White "Mikhaylova, Irina"]
[Black "Reprintsev, Alexander"]
[WhiteFideId "4109040"]
[BlackFideId "14100541"]
[WhiteElo "2291"]
[BlackElo "2499"]
[Result "0-1"]
[Round "2"]
[TimeControl "180+1"]
[Date "2023.08.22"]
[WhiteClock "0:00:12"]
[BlackClock "0:00:15"]
[Board "175"]

1. d4 d5 2. Nf3 Nc6 3. c4 e5 4. Nxe5 Nxe5 5. dxe5 Ne7 6. e3 Be6 7. cxd5 Qxd5 8. Qxd5 Nxd5 9. a3 O-O-O 10. Bd2 g5 11. Nc3 Bg7 12. f4 f6 13. O-O-O gxf4 14. exf4 fxe5 15. Nxd5 Rxd5 16. Bc3 Rc5 17. fxe5 Bxe5 18. Kc2 Rf8 19. Bd3 Bxc3 20. bxc3 Rf2+ 21. Rd2 Bb3+ 22. Kxb3 Rxd2 23. Bxh7 Rb5+ 24. Kc4 Rh5 25. Bg6 Rh4+ 26. Kb3 Rxg2 27. Be4 Rxe4 0-1


[Site "https://www.chess.com"]

[Event "Titled Tuesday Blitz August 22 Late 2023"]
[White "Mickiewicz, Piotr"]
[Black "Filip, Andrei"]
[WhiteFideId "1114891"]
[BlackFideId "1249452"]
[WhiteElo "2496"]
[BlackElo "2285"]
[Result "0-1"]
[Round "2"]
[TimeControl "180+1"]
[Date "2023.08.22"]
[WhiteClock "0:01:42"]
[BlackClock "0:00:57"]
[Board "176"]

1. c4 e5 2. g3 Nf6 3. Bg2 c6 4. Nf3 e4 5. Nd4 d5 6. cxd5 cxd5 7. O-O Nc6 8. Nxc6 bxc6 9. d3 exd3 10. Qxd3 Be7 11. b3 O-O 12. Bb2 a5 13. Qc2 Qb6 14. Nd2 Ba6 15. Rfe1 Rfe8 16. e3 Rac8 17. Rac1 c5 18. Bxf6 Bxf6 19. Bxd5 Red8 20. Nc4 Qb4 21. Red1 Bxc4 22. Bxc4 g6 23. Qe4 Kg7 24. h4 Qa3 25. Rxd8 Qxc1+ 26. Kg2 Rxd8 27. Qb7 Rf8 28. h5 Qb2 29. Qc7 gxh5 30. Qxc5 Qe5 31. Qc6 Re8 32. a4 Qe4+ 33. Qxe4 Rxe4 0-1


[Site "https://www.chess.com"]

[Event "Titled Tuesday Blitz August 22 Late 2023"]
[White "Cooper, Aaron"]
[Black "Martins, Bruno Andre Leite"]
[WhiteFideId "2634945"]
[BlackFideId "1942255"]
[WhiteElo "2281"]
[BlackElo "2496"]
[Result "0-1"]
[Round "2"]
[TimeControl "180+1"]
[Date "2023.08.22"]
[WhiteClock "0:00:04"]
[BlackClock "0:00:05"]
[Board "177"]

1. e4 c5 2. Nf3 d6 3. d4 cxd4 4. Nxd4 Nf6 5. Nc3 a6 6. Bc4 e6 7. Bb3 b5 8. O-O Be7 9. f4 Qb6 10. Be3 Qb7 11. Qf3 O-O 12. a3 Nc6 13. Rad1 Bd7 14. g4 Nxd4 15. Bxd4 Bc6 16. Rfe1 Nd7 17. g5 e5 18. Be3 exf4 19. Bxf4 Ne5 20. Qg3 Qc7 21. Nd5 Bxd5 22. Bxd5 Rac8 23. c3 Ng6 24. Be3 Kh8 25. Rf1 f6 26. h4 fxg5 27. hxg5 Ne5 28. Kg2 Qd7 29. Bd4 Ng6 30. Be3 Ne5 31. Rh1 Ng4 32. Bd4 Bxg5 33. Rxh7+ Kxh7 34. Rh1+ Kg6 35. e5 dxe5 36. Be4+ Rf5 37. Qxg4 exd4 38. Bxf5+ Qxf5 39. Qxd4 Rd8 40. Qb6+ Qf6 41. Qxf6+ Bxf6 42. Rf1 Rd2+ 43. Rf2 Rxf2+ 44. Kxf2 Kf5 45. Kf3 g5 46. Kg2 g4 47. Kf2 Be5 48. Kg2 g3 49. Kf3 Kg5 50. a4 bxa4 51. c4 Bd6 52. c5 Bxc5 53. Kxg3 Bd4 54. Kf3 Bxb2 0-1


[Site "https://www.chess.com"]

[Event "Titled Tuesday Blitz August 22 Late 2023"]
[White "Rizzo, Tobias"]
[Black "Cardozo Munar, Carlos Eduardo"]
[WhiteFideId "30942691"]
[BlackFideId "4409477"]
[WhiteElo "2492"]
[BlackElo "2279"]
[Result "1-0"]
[Round "2"]
[TimeControl "180+1"]
[Date "2023.08.22"]
[WhiteClock "0:00:12"]
[BlackClock "0:00:12"]
[Board "178"]

1. d4 d5 2. Bf4 e6 3. Nf3 Bd6 4. Ne5 Nf6 5. e3 Nbd7 6. Bg3 h5 7. f4 Ne4 8. Bd3 h4 9. Bf2 Nxf2 10. Kxf2 Nf6 11. Nd2 Bd7 12. c3 Qe7 13. Qc2 Bxe5 14. dxe5 Ng4+ 15. Kf3 h3 16. g3 f5 17. exf6 Nxf6 18. Bg6+ Kd8 19. Rae1 Bc6 20. Ke2 Kd7 21. Nf3 Raf8 22. Kd1 Qc5 23. Rhf1 Kc8 24. Nd4 Bd7 25. Kc1 Rh6 26. Bd3 Re8 27. Nf3 Ng4 28. Qd2 Kb8 29. e4 e5 30. exd5 Qxd5 31. Be4 Qxd2+ 32. Kxd2 exf4 33. gxf4 Rhe6 34. Bd5 Rxe1 35. Rxe1 Rxe1 36. Kxe1 Ne3 37. Bb3 c6 38. Ne5 Bf5 39. Kf2 Ng4+ 40. Nxg4 Bxg4 41. Kg3 Bf5 42. Bc4 Kc7 43. Be2 c5 44. Bg4 Bb1 45. a3 b5 46. Bxh3 a5 47. Be6 b4 48. axb4 axb4 49. cxb4 cxb4 50. Bb3 Kd6 51. Kg4 Ke7 52. Kg5 Kd6 53. h4 Kc5 54. f5 Kd4 55. h5 Ke3 56. f6 gxf6+ 57. Kxf6 Kd2 58. Bd5 b3 59. Bxb3 Kc1 60. Ba2 Bc2 61. b4 Kb2 62. Be6 Kc3 63. Bf5 Bb3 64. h6 Bg8 65. b5 Kc4 66. b6 Kc5 67. b7 Bd5 68. b8=Q Kd4 69. Qe5+ Kc4 70. Qxd5+ Kxd5 71. h7 Kc5 72. h8=Q Kc4 73. Qd8 Kc3 74. Qd5 Kb4 75. Qc6 Kb3 76. Qc5 Ka4 77. Qb6 Ka3 78. Qb5 Ka2 79. Qb4 Ka1 80. Ke5 Ka2 81. Kd4 Ka1 82. Kc3 Ka2 83. Qb2# 1-0


[Site "https://www.chess.com"]

[Event "Titled Tuesday Blitz August 22 Late 2023"]
[White "Saucey, Michel"]
[Black "Diano, Eden"]
[WhiteFideId "601845"]
[BlackFideId "5203708"]
[WhiteElo "2274"]
[BlackElo "2489"]
[Result "0-1"]
[Round "2"]
[TimeControl "180+1"]
[Date "2023.08.22"]
[WhiteClock "0:00:00"]
[BlackClock "0:00:30"]
[Board "179"]

1. d4 d5 2. c4 dxc4 3. Nf3 a6 4. e3 b5 5. a4 c6 6. b3 cxb3 7. axb5 cxb5 8. Bxb5+ Bd7 9. Bc4 e6 10. O-O Nc6 11. e4 Na5 12. Bd3 Bb4 13. Bb2 Nf6 14. d5 O-O 15. d6 Bb5 16. Bxb5 axb5 17. Qd4 Nc6 18. Qe3 Rxa1 19. Bxa1 Qa5 20. Bxf6 gxf6 21. e5 Qd8 22. Qh6 Nxe5 23. Nxe5 fxe5 24. Rd1 f6 25. d7 Rf7 26. Rd3 Rxd7 27. Rg3+ Kh8 28. h4 Bf8 29. Qh5 Rd1+ 30. Kh2 Rxb1 31. Qf7 Bh6 32. Qxe6 Bf4 0-1


[Site "https://www.chess.com"]

[Event "Titled Tuesday Blitz August 22 Late 2023"]
[White "Rodriguez Santiago, Jaime"]
[Black "NLLO777"]
[WhiteFideId "3100898"]
[WhiteElo "2272"]
[BlackElo "2488"]
[Result "0-1"]
[Round "2"]
[TimeControl "180+1"]
[Date "2023.08.22"]
[WhiteClock "0:00:00"]
[BlackClock "0:00:10"]
[Board "180"]

1. d4 Nf6 2. c4 c5 3. d5 b5 4. cxb5 a6 5. bxa6 d6 6. Nc3 g6 7. e4 Bg7 8. Bc4 O-O 9. Nf3 Bxa6 10. Qe2 Bxc4 11. Qxc4 Nbd7 12. O-O Qa5 13. a4 Rfb8 14. Ra3 Ng4 15. Qe2 Nge5 16. Nxe5 Nxe5 17. Nb5 Qb4 18. b3 Qa5 19. Bd2 Qa6 20. Bc1 Rb7 21. Bb2 Nd7 22. Bxg7 Kxg7 23. Rfa1 Nf6 24. h3 Ne8 25. Qb2+ f6 26. Qc3 Nc7 27. Nxc7 Rxc7 28. b4 Qe2 29. b5 Qxe4 30. b6 Rb7 31. a5 Ra6 32. Ra4 Qxd5 33. Qe3 c4 34. R1a3 Qc6 35. Qe6 c3 36. Rc4 Qb5 37. Rc8 Rxa5 38. Qg8+ Kh6 39. Raxc3 Ra1+ 40. Kh2 Qe5+ 41. Rg3 Rxb6 42. Qf8+ Kh5 43. Qxe7 Qxe7 44. Rc4 g5 45. Rcc3 Rbb1 0-1


[Site "https://www.chess.com"]

[Event "Titled Tuesday Blitz August 22 Late 2023"]
[White "drdaro"]
[Black "Michalczak, Thomas"]
[BlackFideId "4622634"]
[WhiteElo "2270"]
[BlackElo "2487"]
[Result "0-1"]
[Round "2"]
[TimeControl "180+1"]
[Date "2023.08.22"]
[WhiteClock "0:00:35"]
[BlackClock "0:01:05"]
[Board "181"]

1. c4 e5 2. e3 Nf6 3. Nc3 c6 4. b3 d5 5. cxd5 cxd5 6. d4 e4 7. Bb5+ Bd7 8. Bxd7+ Nbxd7 9. Nge2 Bd6 10. Nb5 Qa5+ 11. Nbc3 Rc8 12. Bd2 Qd8 13. Rc1 O-O 14. Nb5 Bb8 15. Bb4 Re8 16. Nd6 Bxd6 17. Bxd6 Qa5+ 18. Qd2 Rxc1+ 19. Nxc1 Qa6 20. Bb4 Rc8 21. Ne2 Qd3 22. Nc3 b6 23. Qxd3 exd3 24. Kd2 a5 25. Ba3 Ne4+ 26. Nxe4 dxe4 27. f3 Rc2+ 28. Kd1 Rxa2 29. Bc1 Nf6 0-1


[Site "https://www.chess.com"]

[Event "Titled Tuesday Blitz August 22 Late 2023"]
[White "Ai, Evan"]
[Black "Girsh, Daniel"]
[WhiteFideId "2094770"]
[BlackFideId "30949190"]
[WhiteElo "2269"]
[BlackElo "2483"]
[Result "1-0"]
[Round "2"]
[TimeControl "180+1"]
[Date "2023.08.22"]
[WhiteClock "0:00:12"]
[BlackClock "0:00:22"]
[Board "182"]

1. e4 e6 2. d4 d5 3. Nd2 Nf6 4. e5 Nfd7 5. Bd3 c5 6. c3 Nc6 7. Ne2 cxd4 8. cxd4 f6 9. exf6 Nxf6 10. O-O Bd6 11. Nf3 O-O 12. Bf4 Bxf4 13. Nxf4 Ne4 14. Qc1 Qf6 15. Nh5 Qg6 16. Ng3 Bd7 17. Bxe4 dxe4 18. Ne5 Nxe5 19. dxe5 Bc6 20. Qe3 h5 21. Rfd1 h4 22. Ne2 Rf3 23. Nf4 Qg5 24. Nxe6 Qg4 25. Qg5 Qxg5 26. Nxg5 Rf5 27. Ne6 Rxe5 28. Nd4 Bd5 29. a3 Rf8 30. Rac1 e3 31. fxe3 Rxe3 32. Re1 Rxe1+ 33. Rxe1 h3 34. gxh3 Rf4 35. Rd1 Rh4 36. Rd3 Be4 37. Re3 Bd5 38. Nf5 Rh5 39. Ne7+ Kf7 40. Kf2 Be6 41. Ng6 Rf5+ 42. Ke1 Bd5 43. Ne5+ Kf6 44. Ng4+ Kg5 45. Kd2 Kh4 46. Rg3 Rf4 47. Ne3 Be6 48. Ng2+ Kh5 49. Nxf4+ Kh6 50. Nxe6 g6 51. Rg5 Kh7 52. h4 Kh6 53. Nf4 Kh7 54. Rxg6 b6 55. h5 a5 56. Ke3 b5 57. Ke4 b4 58. Ke5 a4 59. Kf5 bxa3 60. bxa3 Kh8 61. Kf6 Kh7 62. Kf7 Kh8 63. Rh6# 1-0


[Site "https://www.chess.com"]

[Event "Titled Tuesday Blitz August 22 Late 2023"]
[White "Itkis, Boris"]
[Black "Schut, Han"]
[WhiteFideId "1209167"]
[BlackFideId "1005561"]
[WhiteElo "2481"]
[BlackElo "2264"]
[Result "1-0"]
[Round "2"]
[TimeControl "180+1"]
[Date "2023.08.22"]
[WhiteClock "0:02:12"]
[BlackClock "0:00:47"]
[Board "183"]

1. d4 Nf6 2. Nc3 d5 3. Bf4 a6 4. e3 e6 5. g4 Bb4 6. Ne2 c5 7. a3 Bxc3+ 8. bxc3 Nxg4 9. Rg1 Qh4 10. Bg3 Nxh2 11. Nf4 Qh6 12. Rh1 e5 13. Rxh2 Qc6 14. dxe5 Nd7 15. Qxd5 Qxd5 16. Nxd5 O-O 17. Bd3 h6 18. O-O-O b5 19. Ne7+ Kh8 20. Nxc8 Raxc8 21. Bf5 1-0


[Site "https://www.chess.com"]

[Event "Titled Tuesday Blitz August 22 Late 2023"]
[White "Fernandez Hernandez, Gerardo"]
[Black "Urbina Perez, Juan Antonio"]
[WhiteFideId "2207400"]
[BlackFideId "2217368"]
[WhiteElo "2263"]
[BlackElo "2481"]
[Result "0-1"]
[Round "2"]
[TimeControl "180+1"]
[Date "2023.08.22"]
[WhiteClock "0:00:00"]
[BlackClock "0:00:36"]
[Board "184"]

1. e4 c5 2. Nc3 Nc6 3. f4 g6 4. Nf3 Bg7 5. a3 e6 6. b4 d6 7. bxc5 dxc5 8. e5 Nge7 9. Ne4 O-O 10. Bb2 b6 11. Bc4 Bb7 12. d3 Nd4 13. O-O Bxe4 14. dxe4 Nec6 15. Ng5 h6 16. Nh3 Qc7 17. c3 Na5 18. Ba2 Ndc6 19. Qg4 c4 20. Rad1 Rad8 21. Bb1 Rxd1 22. Qxd1 Rd8 23. Qe2 Qd7 24. Bc1 Nb3 25. Be3 Nca5 26. Bc2 Qe7 27. Nf2 Qxa3 28. Ng4 Qb2 29. Nf6+ Bxf6 30. exf6 Na1 31. Bd1 Qxe2 32. Bxe2 Nc2 33. Bf2 Rd2 34. Bf3 Nb3 0-1


[Site "https://www.chess.com"]

[Event "Titled Tuesday Blitz August 22 Late 2023"]
[White "Fernandez Bustamante, Leancy B."]
[Black "Matta, Nicholas"]
[WhiteFideId "3523870"]
[BlackFideId "30914523"]
[WhiteElo "2255"]
[BlackElo "2478"]
[Result "0-1"]
[Round "2"]
[TimeControl "180+1"]
[Date "2023.08.22"]
[WhiteClock "0:00:09"]
[BlackClock "0:00:17"]
[Board "185"]

1. e4 e6 2. d4 d5 3. e5 c5 4. c3 Qb6 5. Nf3 Nc6 6. a3 c4 7. Be2 Bd7 8. O-O Na5 9. Nbd2 Ne7 10. Nh4 g5 11. Nhf3 h6 12. Rb1 Nc8 13. b4 cxb3 14. Nxb3 Ba4 15. Nfd2 Qc7 16. Bb2 Nb6 17. Bd3 Nbc4 18. Bc2 Nxd2 19. Nxd2 Bxc2 20. Qxc2 Bg7 21. Qa4+ Nc6 22. c4 dxc4 23. Nxc4 O-O 24. Rfc1 Qd7 25. Qb3 b6 26. Rd1 Rfd8 27. Qe3 Qd5 28. Nd6 Rxd6 29. exd6 Qxd6 30. d5 exd5 31. Bxg7 Kxg7 32. Rbc1 Rd8 33. h4 d4 34. Qd2 gxh4 35. Qd3 Ne5 36. Qh3 Qf6 37. Rd3 Nxd3 38. Qxd3 Qg6 39. Qh3 d3 40. Qxh4 d2 41. Rd1 Qc2 42. Qg4+ Kh7 43. Qf3 Rd7 44. g3 Re7 45. Kg2 Qe4 46. Qxe4+ Rxe4 47. Rxd2 Kg7 48. Rd3 Ra4 49. Kf3 b5 50. Ke3 a5 51. Rb3 b4 52. axb4 Rxb4 53. Ra3 a4 54. f4 Rb3+ 55. Rxb3 axb3 56. Kd3 Kg6 57. g4 h5 58. gxh5+ Kxh5 59. Kc3 Kg4 60. Kxb3 Kxf4 61. Kc3 Ke3 62. Kc2 f5 63. Kd1 Kf2 64. Kd2 f4 65. Kd1 f3 66. Kd2 Kg2 67. Ke3 f2 68. Ke2 f1=Q+ 0-1


[Site "https://www.chess.com"]